 Dungeon Crawl Stone Soup version 0.20.1-1-g8b1a95d (webtiles) character file.

145 polve the Chiller (level 5, -3/35 HPs)
             Began as a Merfolk Ice Elementalist on July 21, 2017.
             Slain by Sigmund
             ... wielding a +0 scythe
              (10 damage)
             ... on level 3 of the Dungeon.
             The game lasted 00:05:35 (3837 turns).

polve the Chiller (Merfolk Ice Elementalist)        Turns: 3837, Time: 00:05:36

Health: -3/35      AC:  4    Str:  8    XL:     5   Next: 27%
Magic:  5/8        EV: 12    Int: 16    God:
Gold:   140        SH:  0    Dex: 14    Spells: 7/8 levels left

rFire    . . .     SeeInvis .   (no weapon)
rCold    . . .     Gourm    .   (no shield)
rNeg     . . .     Faith    .   a - +0 robe
rPois    .         Spirit   .   e - +1 helmet
rElec    .         Reflect  .   (no cloak)
rCorr    .         Harm     .   (no gloves)
MR       .....                  (no boots)
Stlth    ++........             (no amulet)
Regen    0.2/turn               (no ring)
MPRegen  0.2/turn               (no ring)

@: lethally poisoned (-3 -> -7), drained
A: change form in water, swift swim, stealthy swim
a: no special abilities


You were on level 3 of the Dungeon.
You were not hungry.

You visited 1 branch of the dungeon, and saw 3 of its levels.

You collected 140 gold pieces.

Inventory:

Armour
 a - a +0 robe (worn)
 e - a +1 helmet (worn)
Scrolls
 d - a scroll of fog
 i - a scroll of magic mapping
 k - a scroll of teleportation
 n - a scroll of enchant weapon {unknown}
 p - a scroll of recharging
 r - a scroll of amnesia
Potions
 f - 3 potions of flight {unknown}
 g - 2 potions of haste
 h - a potion of heal wounds {unknown}
 l - 2 potions of curing
 s - a potion of invisibility {unknown}
 t - a potion of degeneration {unknown}
Books
 b - a book of Frost

   Spells                             Type                      Level
   a - Freeze                         Ice                          1
   b - Throw Frost                    Conjuration/Ice              2
   c - Ozocubu's Armour               Charms/Ice                   3
   d - Throw Icicle                   Conjuration/Ice              4
   e - Summon Ice Beast               Ice/Summoning                4
Comestibles
 c - 2 bread rations
 j - 3 chunks of flesh
 m - 2 royal jellies
 o - a meat ration
 q - 4 fruits


   Skills:
 - Level 2.6(1.6) Dodging
 - Level 2.1(1.1) Stealth
 - Level 2.0(0.9) Spellcasting
   Level 0.7(0.0) Conjurations
 + Level 6.4(5.2) Ice Magic


You had 7 spell levels left.
You knew the following spells:

 Your Spells              Type           Power        Failure   Level  Hunger
a - Freeze                Ice            ###.         2%          1    ##.....


Dungeon Overview and Level Annotations

Branches:
Dungeon (3/15)

Altars:
Uskayaw

Annotations:
D:3 Sigmund


Message History

You freeze the dart slug.
You kill the dart slug!
You feel sick.
You feel sick.
Things that are here:
an uncursed blowgun; 3 poisoned needles You feel sick.
You feel sick.
You feel sick.
You feel sick.
You feel sick.
You feel sick.
You feel sick.
You feel sick.
Sigmund drinks a potion.
Sigmund seems to speed up.
You feel sick. Sigmund casts a spell at you. The magic dart hits you!
* * * LOW HITPOINT WARNING * * *
Sigmund hits you from afar with a scythe!
You die...

..........................
###.......................
##......................(
##[.......................
............####..#.........
.##........<.#...##.........
# ####.#...#...##.......#...
...#.###..###.#####...#
#.###.........@(#####...##
#. #...........@....(#..# ..
#............(.....#.### .
#.######.####........... ..
#.# #..((..(#. .# #.#
#....)..#.. #. . #..)......#
# #.......### ..........#


You could see Sigmund.

Vanquished Creatures
  Robin (D:2)
  4 adders
  An ooze (D:2)
  2 dart slugs
  3 ball pythons
  4 giant cockroaches
  18 goblins
  14 hobgoblins
  2 jackals (D:1)
  3 quokkas
  9 bats
  6 frilled lizards
  13 kobolds
  7 rats
87 creatures vanquished.

Notes
Turn   | Place    | Note
-------+----------+-------------------------------------------
     0 | D:1      | polve the Merfolk Ice Elementalist began the quest for the Orb.
     0 | D:1      | Reached XP level 1. HP: 13/13 MP: 3/3
   306 | D:1      | Reached XP level 2. HP: 19/19 MP: 3/5
   329 | D:1      | Reached skill level 4 in Ice Magic
  1082 | D:1      | Reached XP level 3. HP: 15/24 MP: 0/6
  1934 | D:2      | Reached skill level 5 in Ice Magic
  2289 | D:2      | Reached XP level 4. HP: 29/30 MP: 4/7
  2367 | D:2      | Found a hide-covered altar of Uskayaw.
  2795 | D:3      | Noticed Sigmund
  2886 | D:3      | Noticed Robin
  3494 | D:3      | Reached skill level 6 in Ice Magic
  3494 | D:3      | Reached XP level 5. HP: 28/35 MP: 1/8
  3539 | D:2      | Killed Robin
  3837 | D:3      | Slain by Sigmund

Skill      XL: |  1  2  3  4 |
---------------+-------------+-----
Ice Magic      | 4 5 6 |  6.4
Dodging        | |  2.6
Stealth        | |  2.1
Spellcasting   | |  2.0
Conjurations   | |  0.7

Action                   |  1- 3 |  4- 6 || total
-------------------------+-------+-------++-------
Melee: Unarmed           |    45 |    10 ||    55
 Cast: Freeze            |    66 |    70 ||   136
  Use: Scroll            |       |     8 ||     8
 Stab: Sleeping          |     2 |       ||     2
  Eat: Chunk             |     1 |     7 ||     8
       Meat ration       |     1 |       ||     1
Armor: Robe              |    18 |    21 ||    39
Dodge: Dodged            |    90 |    75 ||   165
